 Dungeon Crawl Stone Soup version 0.24.0-1-gfbc8707122 (webtiles) character file.

Game seed: 11466687115393743906, levelgen mode: deterministic

487584 Chainwhirler the Slayer (level 26, -4/222 HPs)
             Began as a Formicid Abyssal Knight on Oct 26, 2019.
             Was a Priest of Lugonu.
             Killed by divine providence
             ... invoked by a deep elf high priest
              (12 damage)
             ... on level 3 of the Depths.
             The game lasted 02:28:43 (60231 turns).

Chainwhirler the Slayer (Formicid Abyssal Knight)  Turns: 60231, Time: 02:28:44

Health: -4/222     AC: 40    Str: 25    XL:     26   Next: 24%
Magic:  29/37      EV: 11    Int: 16    God:    Lugonu [***...]
Gold:   2534       SH: 31    Dex: 10    Spells: 25/25 levels left

rFire    + . .     SeeInvis +   f - +9 demon trident (flame)
rCold    + . .     Gourm    .   O - +8 large shield
rNeg     . . .     Faith    .   w - +8 chain mail of Gehenna {MR+ Slay+2}
rPois    .         Spirit   .   (helmet unavailable)
rElec    .         Reflect  +   G - scarf {rC+ rF+}
rCorr    +         Harm     .   B - +0 pair of gloves "Zoth" {MR+ rCorr}
MR       ++++.                  Q - +2 pair of boots {Fly}
Stlth    ..........             z - +3 amulet of reflection
HPRegen  0.47/turn              J - +5 ring of protection
MPRegen  0.25/turn              U - ring of Robustness {AC+8}

@: flying, very slightly contaminated, constricted, invisible
A: permanent stasis, dig shafts and tunnels, four strong arms, antennae 3
}: 2/15 runes: serpentine, barnacled
a: Dig, Shaft Self, Depart the Abyss, Bend Space, Banish, Renounce Religion,
Stop Flying


You were on level 3 of the Depths.
You worshipped Lugonu.
Lugonu was most pleased with you.
You were very hungry.

You visited 8 branches of the dungeon, and saw 41 of its levels.
You visited the Abyss 5 times.
You also visited: Ice Cave and Volcano.

You collected 6107 gold pieces.
You spent 3573 gold pieces at shops.

Inventory:

Hand Weapons
 f - a +9 demon trident of flaming (weapon)
 Y - a +2 glaive of protection
Missiles
 L - 2 throwing nets (quivered) {!f}
Armour
 w - the +8 chain mail of Gehenna (worn) {MR+ Slay+2}
   (You found it on level 4 of the Lair of Beasts)

   It affects your accuracy and damage with ranged weapons and melee attacks
   (+2).
   It affects your resistance to hostile enchantments.
 B - the +0 pair of gloves "Zoth" (worn) {MR+ rCorr}
   (You found it on level 9 of the Dungeon)

   It affects your resistance to hostile enchantments.
   It provides partial protection from all sources of acid and corrosion.
 G - a scarf of resistance (worn)
 O - a +8 large shield (worn)
 Q - a +2 pair of boots of flying (worn)
Jewellery
 a - a +1 ring of protection
 m - the ring of the Median {rPois Str+2 Dex+4}
   (You bought it in a shop on level 1 of the Snake Pit)

   [ring of poison resistance]

   It affects your strength (+2).
   It affects your dexterity (+4).
   It protects you from poison.
 z - a +3 amulet of reflection (around neck)
 J - a +5 ring of protection (left hand)
 K - a cursed amulet of inaccuracy {unknown}
 U - the ring of Robustness (right hand) {AC+8}
   (You found it in an ice cave)

   [ring of protection]

   It affects your AC (+8).
 V - an uncursed ring of resist corrosion
Wands
 b - a wand of flame (55)
 o - a wand of polymorph (66)
 p - a wand of scattershot (6)
 t - a wand of acid (27)
 v - a wand of random effects (81)
 y - a wand of digging (19)
 D - a wand of disintegration (35)
 P - a wand of clouds (6)
 T - a wand of paralysis (35)
Scrolls
 d - 6 scrolls of amnesia
 e - 23 scrolls of remove curse
 h - 4 scrolls of magic mapping
 i - 3 scrolls of silence
 E - 5 scrolls of enchant weapon
 F - 16 scrolls of identify
 I - 9 scrolls of fog
 N - 3 scrolls of fear
 W - a scroll of holy word
 Z - a scroll of enchant armour
Potions
 g - 6 potions of mutation
 j - a potion of heal wounds
 k - 3 potions of agility
 n - 4 potions of cancellation
 q - 10 potions of curing
 r - 8 potions of brilliance
 s - 2 potions of flight
 u - 2 potions of magic
 A - 4 potions of degeneration
 H - 3 potions of resistance
 M - a potion of invisibility
 R - 7 potions of might
Miscellaneous
 l - a sack of spiders
 C - a phial of floods
 S - a lamp of fire
Comestibles
 c - 58 rations


   Skills:
 + Level 21.0 Fighting
 - Level 20.0 Polearms
 + Level 16.5 Armour
 + Level 11.8 Dodging
 - Level 15.0 Shields
 - Level 20.0 Invocations
 + Level 12.6 Evocations


You had 25 spell levels left.
You didn't know any spells.
Your spell library contained the following spells:

 Spells                   Type           Power        Failure   Level  Hunger
 Animate Skeleton         Necr           N/A          67%         1    ##.....
 Apportation              Tloc           #.....       67%         1    ##.....
 Beastly Appendage        Tmut           #.....       67%         1    ##.....
 Flame Tongue             Conj/Fire      #....        67%         1    ##.....
 Freeze                   Ice            #...         67%         1    ##.....
 Infusion                 Chrm           #...         67%         1    ##.....
 Magic Dart               Conj           #...         67%         1    ##.....
 Sandblast                Erth           #.....       67%         1    ##.....
 Shock                    Conj/Air       #...         67%         1    ##.....
 Sting                    Conj/Pois      #...         67%         1    ##.....
 Summon Butterflies       Summ           #.......     67%         1    ##.....
 Summon Small Mammal      Summ           #...         67%         1    ##.....
 Call Imp                 Summ           #.......     80%         2    ###....
 Corpse Rot               Necr           N/A          80%         2    ###....
 Passwall                 Tmut/Erth      #.......     80%         2    ###....
 Shroud of Golubria       Chrm/Tloc      #.....       80%         2    ###....
 Slow                     Hex            #.......     80%         2    ###....
 Song of Slaying          Chrm           #.......     80%         2    ###....
 Sticks to Snakes         Tmut           #.......     80%         2    ###....
 Sublimation of Blood     Necr           #.........   80%         2    ###....
 Swiftness                Chrm/Air       #.......     80%         2    ###....
 Throw Flame              Conj/Fire      #.....       80%         2    ###....
 Throw Frost              Conj/Ice       #.....       80%         2    ###....
 Call Canine Familiar     Summ           #.......     95%         3    ####...
 Conjure Flame            Conj/Fire      #.......     95%         3    ####...
 Gell's Gravitas          Tloc           #.........   95%         3    ####...
 Ignite Poison            Fire/Tmut/Pois #.......     95%         3    ####...
 Inner Flame              Hex/Fire       #.......     95%         3    ####...
 Lesser Beckoning         Tloc           #.........   95%         3    ####...
 Mephitic Cloud           Conj/Pois/Air  #.......     95%         3    ####...
 Ozocubu's Armour         Chrm/Ice       #.......     95%         3    ####...
 Portal Projectile        Hex/Tloc       #.....       95%         3    ####...
 Recall                   Summ/Tloc      N/A          95%         3    ####...
 Regeneration             Chrm/Necr      #.........   95%         3    ####...
 Spectral Weapon          Hex/Chrm       #.......     95%         3    ####...
 Spider Form              Tmut/Pois      #.........   95%         3    ####...
 Static Discharge         Conj/Air       #.......     95%         3    ####...
 Stone Arrow              Conj/Erth      #.....       95%         3    ####...
 Summon Guardian Golem    Hex/Summ       #.......     95%         3    ####...
 Teleport Other           Tloc           #.......     95%         3    ####...
 Tukima's Dance           Hex            #.......     95%         3    ####...
 Airstrike                Air            #.........   100%        4    #####..
 Ice Form                 Ice/Tmut       #.......     100%        4    #####..
 Iskenderun's Mystic Bla  Conj           #.......     100%        4    #####..
 Leda's Liquefaction      Hex/Erth       #.........   100%        4    #####..
 Petrify                  Tmut/Erth      #.......     100%        4    #####..
 Sticky Flame             Conj/Fire      #.......     100%        4    #####..
 Summon Ice Beast         Ice/Summ       #.......     100%        4    #####..
 Summon Lightning Spire   Summ/Air       #.......     100%        4    #####..
 Throw Icicle             Conj/Ice       #.......     100%        4    #####..
 Agony                    Necr           #.......     100%        5    ######.
 Alistair's Intoxication  Tmut/Pois      #.......     100%        5    ######.
 Blade Hands              Tmut           #.........   100%        5    ######.
 Bolt of Draining         Conj/Necr      #.........   100%        5    ######.
 Bolt of Magma            Conj/Fire/Erth #.........   100%        5    ######.
 Dispel Undead            Necr           #.......     100%        5    ######.
 Excruciating Wounds      Chrm/Necr      #.........   100%        5    ######.
 Fireball                 Conj/Fire      #.........   100%        5    ######.
 Irradiate                Conj/Tmut      #.........   100%        5    ######.
 Iskenderun's Battlesphe  Conj/Chrm      #.......     100%        5    ######.
 Lee's Rapid Deconstruct  Erth           #.........   100%        5    ######.
 Lightning Bolt           Conj/Air       #.........   100%        5    ######.
 Metabolic Englaciation   Hex/Ice        #.........   100%        5    ######.
 Summon Forest            Summ/Tloc      #.........   100%        5    ######.
 Venom Bolt               Conj/Pois      #.........   100%        5    ######.
 Bolt of Cold             Conj/Ice       #.........   100%        6    #######
 Death Channel            Necr           #.........   100%        6    #######
 Freezing Cloud           Conj/Ice/Air   #.........   100%        6    #######
 Hydra Form               Tmut           #.........   100%        6    #######
 Invisibility             Hex            #.......     100%        6    #######
 Iron Shot                Conj/Erth      #.........   100%        6    #######
 Ozocubu's Refrigeration  Ice            #.........   100%        6    #######
 Simulacrum               Ice/Necr       #.........   100%        6    #######
 Statue Form              Tmut/Erth      #........    100%        6    #######
 Dragon Form              Tmut           #.........   100%        7    #######
 Orb of Destruction       Conj           #.........   100%        7    #######
 Spellforged Servitor     Conj/Summ      #.........   100%        7    #######
 Summon Hydra             Summ           #.........   100%        7    #######
 Ignition                 Fire           #.........   100%        8    #######
 Blink                    Tloc           Unusable     N/A         2    N/A

Dungeon Overview and Level Annotations

Branches:
Dungeon (15/15)            Temple (0/1) D:6            Lair (6/6) D:11
 Shoals (4/4) Lair:2        Snake (4/4) Lair:2        Slime (0/5) Lair:5
    Orc (2/2) D:10            Elf (3/3) Orc:2        Vaults (4/5) D:14
  Crypt (0/3) Vaults:2     Depths (3/5) D:15          IceCv (visited)
Volcano (visited)

Altars:
Ashenzari
Cheibriados
Dithmenos
Elyvilon
Fedhas
Hepliaklqana
Makhleb
Okawaru
Qazlal
Ru
Sif Muna
Trog
Uskayaw
Vehumet
Xom
Zin
Beogh
Jiyva

Shops:
D:12 }   D:14 [   Orc:1 *   Orc:2 (((!!   Snake:1 =}}   Snake:2 *}=
Snake:4 [?![   Vaults:3 }   Vaults:4 (   Depths:1 *

Portals:
Hell: Lair:6 Depths:1 Depths:2
Pandemonium: Depths:1
Ziggurat: Depths:1

Annotations:
Lair:2 2 transporters, Xudgha's ghost, journeyman MiFi
Lair:5 1 runed translucent door
Shoals:4 corrupted
Elf:2 3 runed translucent doors
Depths:3 corrupted


Innate Abilities, Weirdness & Mutations

You cannot be hasted, slowed, berserked, paralysed or teleported.
You can dig through walls and to a lower floor.
Your four strong arms can wield two-handed weapons with a shield.
You have a pair of large antennae on your head. (SInv)


Message History

The blast of rock fragments hits the raiju!!!
The raiju dies!
The raiju's corpse disappears in a puff of smoke!
The blast of rock fragments hits the white imp!!!
The white imp dies!
The blast of rock fragments hits the large abomination!
The blast of rock fragments hits the small abomination!!!
The small abomination is destroyed!
The blast of rock fragments hits the iron imp!!!
The iron imp dies!
The spark wasp stings you!
* * * LOW HITPOINT WARNING * * *
The spark wasp shocks you!
* * * LOW HITPOINT WARNING * * *
The spriggan air mage waves its arms in wide circles.
The air twists around and violently strikes you in flight.
The large abomination hits the spriggan defender!!
The deep elf high priest mumbles some strange prayers to its god against you.
Something smites you!
You die...

..........{ {......#. {
# ..c*..{.## .# {
#.C..{J.## #.####
#.Q{{{Y...##
###.5#.##V#.##{O.cO.#
###§X.5Q##Cc..#.ii.OG..
#.3.viXy#e.i...#######c
#vXi@TQ*Ci#)#.C..).i#
#####################


You could see a tentacled monstrosity, a fire giant, 2 tengu reavers, a spriggan
defender, a spark wasp, a centaur warrior, a spriggan berserker, a deep elf high
priest, 2 spriggan air magi, a deep troll earth mage, a battlesphere, a neutral
spatial maelstrom, a neutral spatial vortex (wandering), a neutral thrashing
horror, a neutral large abomination, a neutral sixfirhy and 2 neutral iron imps.

Vanquished Creatures
  Mara (Snake:2)
  A juggernaut (Depths:2)
  Vashnia (Snake:3)
  A caustic shrike (Depths:3)
  2 bone dragons (Abyss:1)
  2 tentacled monstrosities (Depths:3)
  A lich (Vaults:1)
  Jorgrun (Shoals:2)
  2 deep elf blademasters (Elf:3)
  A deep elf master archer (Elf:3)
  Asterion (Snake:1)
  Frances (Shoals:2)
  2 krakens
  Gastronok (Lair:1)
  A sphinx (Depths:2)
  3 tentacled starspawn (Abyss:1)
  3 tengu reavers
  2 storm dragons
  Kirke (D:14)
  Ilsuiw (Shoals:2)
  11 nagarajas
  3 fire giants
  4 frost giants
  5 deep elf sorcerers
  Louise (Shoals:2)
  6 deep elf elementalists
  6 vault wardens
  The ghost of Xitaol the Ninja, an adept SpEn of Wu Jian (Snake:1)
  A war gargoyle (Vaults:4)
  8 ironheart preservers
  7 very ugly things
  A caustic shrike skeleton (Depths:3)
  7 stone giants
  2 vampire knights
  5 deep elf demonologists (Elf:3)
  4 deep elf annihilators
  4 spark wasps (Depths:1)
  A red draconian (Volcano)
  Azrael (Abyss:1)
  6 deep elf death magi (Elf:3)
  5 merfolk javelineers
  A green death (Depths:1)
  5 ettins
  8 fire dragons
  7 yaktaur captains
  3 great orbs of eyes
  10 vault guards
  8 hydras
  4 rakshasas
  Erolcha (Abyss:1)
  7 ice dragons
  7 merfolk impalers
  5 death knights
  6 merfolk avatars
  A spriggan air mage (Depths:2)
  2 deep elf high priests
  15 naga warriors
  2 catoblepae (Lair:3)
  7 centaur warriors
  3 alligator snapping turtles
  14 anacondas
  A satyr (Shoals:4)
  Erica (D:8)
  2 merfolk aquamancers (Shoals:4)
  35 two-headed ogres
  12 ogre magi
  12 dancing weapons
  2 vampire magi
  3 tengu warriors
  Urug (Orc:1)
  2 small abominations
  8 shock serpents
  A spriggan berserker (Depths:2)
  A deep troll shaman (Depths:2)
  4 large abominations (Abyss:1)
  2 orc high priests (Orc:2)
  A thrashing horror (Abyss:1)
  18 deep elf knights
  2 sun demons
  Nergalle (D:11)
  Sonja (D:13)
  16 naga sharpshooters
  2 wretched stars (Abyss:1)
  4 salamander mystics
  A shadow wraith (Vaults:3)
  7 skeletal warriors
  A spectral anaconda (Snake:1)
  6 hell knights
  2 iron trolls (Depths:2)
  7 deep trolls
  10 sea snakes
  7 starcursed masses (Abyss:1)
  3 unseen horrors
  2 unseen horrors (shapeshifter)
  4 flayed ghosts
  12 naga ritualists
  3 glowing orange brains
  9 ironbrand convokers
  2 wizards
  9 deep elf archers
  4 necromancers
  14 orc knights
  2 phantasmal warriors
  15 mana vipers
  13 harpies
  7 orc sorcerers
  55 deep elf magi
  3 wolf spiders
  6 cyclopes
  7 salamanders
  27 ugly things
  6 fauns
  5 merfolk sirens
  9 manticores
  A human zombie (Vaults:2)
  7 guardian serpents
  3 ice statues
  Maurice (Orc:2)
  7 elephants (Lair:6)
  10 water nymphs
  A spectral shock serpent (Snake:1)
  2 molten gargoyles (Volcano)
  A human skeleton (Vaults:2)
  38 black mambas
  A smoke demon (Depths:1)
  18 spiny frogs
  12 naga magi
  3 orange demons
  8 vault sentinels
  6 gargoyles
  8 rime drakes
  An efreet (Abyss:1)
  A komodo dragon (shapeshifter) (Depths:2)
  A kobold demonologist (D:14)
  6 komodo dragons
  3 hellwings
  10 freezing wraiths
  A yaktaur skeleton (Vaults:2)
  2 tengu conjurers
  2 ancient zymes (Abyss:1)
  22 yaktaurs
  3 ice devils
  3 meliai (D:15)
  3 red devils (Lair:6)
  A queen bee (D:15)
  A troll (shapeshifter) (Vaults:4)
  A polar bear (Lair:6)
  15 merfolk
  10 trolls
  26 slime creatures
  A tengu simulacrum (Vaults:2)
  6 wind drakes
  3 hornets
  A meliai zombie (D:10)
  An alligator zombie (Abyss:1)
  28 blink frogs
  A dream sheep (shapeshifter) (Vaults:1)
  An ettin zombie (Vaults:2)
  5 raiju (Abyss:1)
  18 snapping turtles
  2 hippogriffs (shapeshifter) (Vaults:3)
  A fire giant simulacrum (Vaults:1)
  9 hippogriffs
  3 spriggans
  14 dream sheep
  2 ynoxinuls (Abyss:1)
  4 shadows
  11 water elementals
  A spectral black mamba (Snake:1)
  An air elemental (Elf:2)
  3 wyverns
  3 wraiths
  A yak (shapeshifter) (Depths:3)
  2 fire bats (Volcano)
  50 yaks
  4 basilisks
  A human (shapeshifter) (Depths:3)
  2 hogs (D:14)
  A vampire (Depths:1)
  5 fire elementals
  A hog (shapeshifter) (Vaults:4)
  2 hungry ghosts
  2 chaos spawn
  A vampire mosquito (D:10)
  A neqoxec (Abyss:1)
  3 wargs
  A redback simulacrum (D:14)
  2 acid dragons
  67 nagas
  11 porcupines
  7 hell hounds
  A spectral naga (Snake:1)
  38 orc warriors
  16 water moccasins
  A black bear (shapeshifter) (Depths:1)
  7 sky beasts
  16 ice beasts
  An eye of draining (D:11)
  An orc zombie (Vaults:2)
  4 phantoms
  3 black bears
  A hornet zombie (D:11)
  A boggart (Depths:3)
  25 ogres
  A black mamba simulacrum (Snake:1)
  24 wolves
  24 centaurs
  18 crocodiles
  6 earth elementals
  15 bullfrogs
  3 naga simulacra (Snake:1)
  A salamander simulacrum (Snake:1)
  5 scorpions
  A wyvern skeleton (D:6)
  19 killer bees
  7 howler monkeys
  15 wights
  3 electric eels
  12 crimson imps
  A human simulacrum (Vaults:2)
  7 quasits
  4 lava snakes (Volcano)
  2 bullfrog zombies
  4 centaur zombies
  8 hounds
  4 jellies
  4 centaur skeletons
  34 orc priests
  53 orc wizards
  2 bullfrog skeletons
  An iron imp (Abyss:1)
  3 iguanas
  4 worker ants
  3 yak simulacra (D:10)
  2 polar bear simulacra (D:10)
  A wolf simulacrum (D:10)
  A hound skeleton (D:6)
  A howler monkey zombie (D:10)
  3 worker ant zombies
  Robin (D:3)
  6 gnolls
  A howler monkey skeleton (D:11)
  17 adders
  4 shadow imps
  A white imp (Depths:1)
  An ufetubus (Depths:1)
  5 oozes
  3 adder zombies
  2 adder skeletons (D:6)
  3 worms
  4 dart slugs
  10 leopard geckos
  122 orcs
  9 giant cockroaches
  18 goblins
  10 hobgoblins
  11 jackals
  12 kobolds
  5 quokkas
  10 bats
  8 frilled lizards
  A jackal zombie (D:8)
  10 rats
  4 river rat simulacra (D:10)
  3 plants (Shoals:4)
  A starspawn tentacle (Abyss:1)
  7 tentacles
1846 creatures vanquished.

Vanquished Creatures (collateral kills)
  A merfolk javelineer (Shoals:4)
  A wizard (Lair:6)
  2 killer bees (D:15)
4 creatures vanquished.

Vanquished Creatures (others)
  A deep elf master archer (Elf:3)
  A merfolk javelineer (Shoals:4)
  2 merfolk impalers (Shoals:4)
  2 yaktaur captains
  2 naga sharpshooters (Snake:4)
  A naga ritualist (Snake:1)
  A flayed ghost (Vaults:4)
  4 deep elf archers
  A necromancer (D:10)
  2 deep elf magi (Elf:1)
  An ugly thing (D:6)
  An orc knight (D:10)
  2 cyclopes
  A salamander (Snake:3)
  A faun (Shoals:4)
  A manticore (Shoals:4)
  2 merfolk sirens
  A naga mage (Snake:4)
  A black mamba (Snake:1)
  A gargoyle (D:9)
  16 yaktaurs
  A snapping turtle (Shoals:4)
  A water elemental (Shoals:4)
  A vampire (D:10)
  A human (D:14)
  2 orc warriors
  3 centaurs (D:15)
  A small abomination (Abyss:1)
  A crimson imp (D:14)
  An orc wizard (Orc:2)
  A rat (D:2)
  39 fungi
  26 plants
  5 starspawn tentacles (Abyss:1)
  14 tentacles
  7 toadstools (Lair:5)
149 creatures vanquished.

Grand Total: 1999 creatures vanquished

Notes
Turn   | Place    | Note
-------+----------+-------------------------------------------
     0 | Abyss:1  | Chainwhirler the Formicid Abyssal Knight began the quest
                  | for the Orb.
     0 | Abyss:1  | Reached XP level 1. HP: 18/18 MP: 2/2
     0 | D:1      | Escaped the Abyss
   124 | D:1      | Reached XP level 2. HP: 24/24 MP: 3/3
   176 | D:1      | Reached * piety under Lugonu
   400 | D:1      | Reached XP level 3. HP: 28/30 MP: 5/5
   526 | D:1      | Reached skill level 4 in Fighting
   535 | D:1      | Found an iron altar of Okawaru.
  1278 | D:2      | Reached XP level 4. HP: 36/37 MP: 6/6
  1940 | D:2      | Found a hide-covered altar of Uskayaw.
  2009 | D:2      | Found a white marble altar of Elyvilon.
  2404 | D:2      | Reached XP level 5. HP: 42/43 MP: 7/7
  2440 | D:2      | Found a hazy altar of Hepliaklqana.
  2487 | D:3      | Noticed Robin
  2489 | D:3      | Reached ** piety under Lugonu
  2830 | D:3      | Reached skill level 5 in Fighting
  3460 | D:3      | Killed Robin
  3460 | D:3      | Reached XP level 6. HP: 46/51 MP: 8/8
  3841 | D:4      | Reached *** piety under Lugonu
  4116 | D:4      | Reached skill level 6 in Fighting
  4122 | D:4      | Reached XP level 7. HP: 53/58 MP: 10/10
  4204 | D:4      | Got a transparent trident
  4205 | D:4      | Identified the +10 trident of Fixation {drain, rC+ Str-3
                  | Dex+2} (You found it on level 4 of the Dungeon)
  4536 | D:5      | Entered Level 5 of the Dungeon
  4808 | D:5      | Reached skill level 5 in Invocations
  4860 | D:5      | Reached XP level 8. HP: 65/65 MP: 11/11
  4876 | D:5      | Found a hazy altar of Hepliaklqana.
  5195 | D:6      | Reached skill level 5 in Armour
  5243 | D:6      | Reached **** piety under Lugonu
  5343 | D:6      | Found a sacrificial altar of Ru.
  5362 | D:6      | Reached skill level 7 in Fighting
  5419 | D:6      | Reached skill level 5 in Polearms
  5423 | D:6      | Found a staircase to the Ecumenical Temple.
  5458 | D:6      | Reached skill level 1 in Evocations
  5458 | D:6      | Reached XP level 9. HP: 49/72 MP: 13/13
  5749 | D:6      | Noticed a red ugly thing
  5766 | D:6      | Banished a red ugly thing
  5766 | D:6      | Reached skill level 8 in Fighting
  6338 | D:7      | Reached XP level 10. HP: 74/82 MP: 14/14
  6424 | D:7      | Reached ***** piety under Lugonu
  6525 | D:7      | Reached skill level 9 in Fighting
  6525 | D:7      | Reached skill level 5 in Evocations
  6753 | D:7      | Found a glowing silver altar of Zin.
  7122 | D:8      | Found a shimmering blue altar of Sif Muna.
  7157 | D:8      | Noticed Erica
  7165 | D:8      | Killed Erica
  7913 | D:8      | Reached XP level 11. HP: 80/90 MP: 16/16
  8066 | D:8      | Reached skill level 10 in Polearms
  8493 | D:8      | Found a blossoming altar of Fedhas.
  8499 | D:8      | Found a shattered altar of Ashenzari.
  8499 | D:8      | Found a bloodstained altar of Trog.
  8506 | D:8      | Found a shadowy altar of Dithmenos.
  8936 | D:9      | Found a shadowy altar of Dithmenos.
  9054 | D:9      | Reached skill level 10 in Fighting
  9538 | D:9      | Found a burning altar of Makhleb.
  9539 | D:9      | Found a radiant altar of Vehumet.
 10397 | D:10     | Entered Level 10 of the Dungeon
 10440 | D:10     | Noticed Psyche
 10441 | D:10     | Noticed Psyche
 10441 | D:10     | Psyche changed into Psyche the crocodile
 10445 | D:10     | Killed Psyche the crocodile
 10600 | D:10     | Reached skill level 5 in Shields
 10696 | D:10     | Noticed a tengu warrior
 10722 | D:10     | Killed a tengu warrior
 10954 | D:10     | Reached XP level 12. HP: 64/99 MP: 18/18
 11356 | D:10     | Reached skill level 11 in Fighting
 11561 | D:10     | Found a staircase to the Orcish Mines.
 12057 | D:10     | Identified the +7 plate armour of Exclusion {*Corrode rElec
                  | Slay+5}
 12676 | D:9      | Got a pair of crude gloves
 12678 | D:9      | Identified the +0 pair of gloves "Zoth" {MR+ rCorr} (You
                  | found it on level 9 of the Dungeon)
 12968 | D:11     | Noticed a two-headed ogre
 12980 | D:11     | Killed a two-headed ogre
 12993 | D:11     | Reached ****** piety under Lugonu
 13092 | D:11     | Found an iron altar of Okawaru.
 13130 | D:11     | Noticed Nergalle
 13144 | D:11     | Killed Nergalle
 13144 | D:11     | Reached skill level 10 in Invocations
 13167 | D:11     | Found a shattered altar of Ashenzari.
 13479 | D:11     | Found a staircase to the Lair.
 13546 | D:11     | Reached XP level 13. HP: 72/106 MP: 20/20
 14142 | Lair:1   | Entered Level 1 of the Lair of Beasts
 14857 | Lair:1   | Noticed Gastronok
 14878 | Lair:1   | Killed Gastronok
 14878 | Lair:1   | Reached skill level 12 in Fighting
 15349 | Lair:2   | Found a staircase to the Snake Pit.
 15439 | Lair:2   | Found a transporter.
 15474 | Lair:2   | Noticed Xudgha's ghost (journeyman MiFi)
 15488 | Lair:2   | Found a transporter.
 15501 | Lair:2   | Identified the +0 chain mail of the Trilobite {rF- MR+
                  | Dex+4} (You found it on level 2 of the Lair of Beasts)
 16231 | Lair:2   | Found a staircase to the Shoals.
 16502 | Lair:3   | Noticed a catoblepas
 16513 | Lair:3   | Killed a catoblepas
 16811 | Lair:3   | Noticed a catoblepas
 16841 | Lair:3   | Killed a catoblepas
 17976 | Lair:4   | Reached XP level 14. HP: 116/116 MP: 22/22
 18144 | Lair:4   | Identified the +8 chain mail of Gehenna {MR+ Slay+2} (You
                  | found it on level 4 of the Lair of Beasts)
 18856 | Lair:5   | Reached skill level 13 in Fighting
 19412 | Lair:5   | Found a staircase to the Slime Pits.
 19412 | Lair:5   | Found a viscous altar of Jiyva.
 19696 | Lair:5   | Found a runed translucent door.
 20108 | Lair:6   | Entered Level 6 of the Lair of Beasts
 20843 | Lair:6   | Reached skill level 14 in Fighting
 20916 | Lair:6   | Reached XP level 15. HP: 126/126 MP: 25/25
 21560 | Lair:6   | Found a burning altar of Makhleb.
 21616 | Lair:6   | Found a gateway to Hell.
 22356 | Orc:1    | Entered Level 1 of the Orcish Mines
 22386 | Orc:1    | Found a radiant altar of Vehumet.
 22403 | Orc:1    | Found a dark tunnel.
 22406 | Volcano  | Entered a volcano
 22437 | Volcano  | Reached skill level 10 in Armour
 22776 | Volcano  | Found a burning altar of Makhleb.
 22904 | Volcano  | Reached skill level 1 in Dodging
 22974 | Volcano  | Reached skill level 15 in Fighting
 22974 | Volcano  | Reached XP level 16. HP: 124/136 MP: 26/26
 23170 | Orc:1    | Found Kabowoute's General Store.
 23260 | Orc:1    | Noticed Urug
 23272 | Orc:1    | Killed Urug
 23558 | Orc:2    | Entered Level 2 of the Orcish Mines
 23672 | Orc:2    | Found Erphammut's Weapon Emporium.
 23701 | Orc:2    | Found a staircase to the Elven Halls.
 23868 | Orc:2    | Noticed Maurice
 23929 | Orc:2    | Killed Maurice
 24231 | Orc:2    | Reached skill level 15 in Invocations
 24342 | Orc:2    | Found Feff's Distillery.
 24342 | Orc:2    | Found Jutsor's Distillery.
 24343 | Orc:2    | Found Koyn's Weapon Shop.
 24348 | Orc:2    | Found Rucw's Weapon Shop.
 24427 | Orc:2    | Bought a potion of invisibility for 88 gold pieces
 24432 | Orc:2    | Bought 2 potions of experience for 1200 gold pieces
 24432 | Orc:2    | Bought a potion of cancellation for 96 gold pieces
 24432 | Orc:2    | Bought a potion of might for 48 gold pieces
 24432 | Orc:2    | Reached XP level 17. HP: 144/144 MP: 28/28
 24433 | Orc:2    | Reached skill level 16 in Fighting
 24433 | Orc:2    | Reached XP level 18. HP: 151/151 MP: 29/29
 24503 | Orc:2    | Found a roughly hewn altar of Beogh.
 25026 | D:12     | Found Denat's Gadget Boutique.
 25070 | D:12     | Bought a lamp of fire for 520 gold pieces
 25070 | D:12     | Bought a wand of paralysis (8) for 130 gold pieces
 25070 | D:12     | Bought a wand of paralysis (6) for 104 gold pieces
 26255 | D:13     | Noticed Sonja
 26272 | D:13     | Killed Sonja
 26543 | D:13     | Noticed Erolcha
 26546 | D:13     | Banished Erolcha
 26804 | D:14     | Found Suitaopt's Armour Shop.
 26814 | D:14     | Reached skill level 10 in Shields
 26859 | D:14     | Found a snail-covered altar of Cheibriados.
 26894 | D:14     | Found a gate to the Vaults.
 26964 | D:14     | Reached XP level 19. HP: 114/157 MP: 30/30
 27078 | D:14     | Found a frozen archway.
 27099 | IceCv    | Entered an ice cave
 27666 | IceCv    | Found the ring of Robustness {AC+8}
 27834 | D:14     | Noticed Kirke
 27850 | D:14     | Killed Kirke
 28471 | D:15     | Entered Level 15 of the Dungeon
 28753 | D:15     | Noticed Azrael
 28794 | D:15     | Banished Azrael
 29890 | D:15     | Reached skill level 15 in Shields
 29896 | D:15     | Found a staircase to the Depths.
 29988 | D:15     | Found a stormy altar of Qazlal.
 30691 | Snake:1  | Entered Level 1 of the Snake Pit
 30769 | Snake:1  | Noticed Asterion
 30796 | Snake:1  | Killed Asterion
 31436 | Snake:1  | Found a runed translucent gate.
 31436 | Snake:1  | Found a runed translucent gate.
 31436 | Snake:1  | Found a runed translucent gate.
 31441 | Snake:1  | Noticed Xitaol's ghost (adept SpEn)
 31464 | Snake:1  | Found Futi's Jewellery Shop.
 31464 | Snake:1  | Found Elepnigi's Gadget Emporium.
 31465 | Snake:1  | Found Asem's Gadget Emporium.
 31472 | Snake:1  | Bought the ring of the Median {rPois Str+2 Dex+4} for 673
                  | gold pieces
 32737 | Snake:1  | Killed Xitaol's ghost
 32879 | Snake:2  | Reached XP level 20. HP: 133/166 MP: 31/31
 33237 | Snake:2  | Found Titedgh's Assorted Antiques.
 33263 | Snake:2  | Bought 3 scrolls labeled LAZUON SOOGEM for 84 gold pieces
 33263 | Snake:2  | Bought 3 scrolls of enchant armour for 630 gold pieces
 33610 | Snake:2  | Found Wuen's Gadget Emporium.
 33672 | Snake:2  | Found Fimoh's Jewellery Emporium.
 33995 | Snake:3  | Noticed Vashnia
 33995 | Snake:3  | Noticed Mara
 34002 | Snake:3  | Noticed Chainwhirler's illusion
 34103 | Snake:3  | Noticed Chainwhirler's illusion
 34364 | Snake:3  | Noticed Chainwhirler's illusion
 34382 | Snake:3  | Noticed Chainwhirler's illusion
 34411 | Snake:2  | Killed Mara
 34873 | Snake:3  | Reached skill level 17 in Fighting
 35513 | Snake:3  | Killed Vashnia
 35513 | Snake:3  | Reached skill level 10 in Evocations
 35676 | Snake:4  | Entered Level 4 of the Snake Pit
 35902 | Snake:4  | Identified the +9 dagger of Understanding {pierce, Stlth+}
 36449 | Snake:4  | Found Bebluxor's Antique Armour Shop.
 37180 | Snake:4  | Escaped the Abyss
 37515 | Snake:4  | Found Gomp's Antique Armour Boutique.
 37515 | Snake:4  | Found Nerisoegg's Magic Scroll Shop.
 37518 | Snake:4  | Found Fazav's Distillery.
 37742 | Snake:4  | Reached XP level 21. HP: 161/175 MP: 33/33
 38628 | Snake:4  | Reached skill level 18 in Fighting
 39175 | Snake:4  | Got a serpentine rune of Zot
 39482 | Shoals:1 | Entered Level 1 of the Shoals
 39595 | Shoals:1 | Reached skill level 10 in Dodging
 40361 | Shoals:2 | Noticed Louise
 40380 | Shoals:2 | Killed Louise
 40463 | Shoals:2 | Noticed Ilsuiw
 40561 | Shoals:2 | Killed Ilsuiw
 40894 | Shoals:2 | Noticed Frances
 41128 | Shoals:2 | Killed Frances
 41394 | Shoals:2 | Noticed Jorgrun
 41411 | Shoals:2 | Killed Jorgrun
 41970 | Shoals:3 | Reached XP level 22. HP: 180/186 MP: 34/34
 42356 | Shoals:4 | Entered Level 4 of the Shoals
 43564 | Shoals:4 | Reached skill level 19 in Fighting
 43564 | Shoals:4 | Reached skill level 15 in Armour
 43623 | Shoals:4 | Corrupted Shoals:4
 43711 | Abyss:1  | Killed Azrael
 43833 | Shoals:4 | Escaped the Abyss
 44500 | Shoals:4 | Got a barnacled rune of Zot
 44708 | Elf:1    | Entered Level 1 of the Elven Halls
 46397 | Elf:2    | Found a runed translucent gate.
 46397 | Elf:2    | Found a runed translucent gate.
 46399 | Elf:2    | Found a runed translucent gate.
 46597 | Elf:2    | Identified the +11 flail "Grim" {crush, rC+++ rN+++ MP-9
                  | Int-2}
 46686 | Elf:3    | Entered Level 3 of the Elven Halls
 46800 | Elf:3    | Reached skill level 20 in Fighting
 46832 | Elf:3    | Reached XP level 23. HP: 177/196 MP: 36/36
 48329 | Elf:3    | Reached skill level 15 in Polearms
 48343 | Elf:3    | Identified the +2 robe of Whack-A-Mole {rF- rCorr Int+8
                  | Slay-5}
 48609 | Elf:3    | Identified Ruocky's Volume of Transmigration and the Voyage
 48612 | Elf:3    | Identified the Tome of the Ghastly Voyage
 48660 | Elf:3    | Identified the Papyrus of the Badger
 48662 | Elf:3    | Identified Sif Muna's Grimoire of Noxious Transformation
 48681 | Elf:3    | Identified Ystrokh's Grimoire of the Lethal Blaze
 49023 | Vaults:1 | Entered Level 1 of the Vaults
 49498 | Vaults:1 | Identified a scroll of acquirement
 50546 | Vaults:1 | Reached XP level 24. HP: 204/204 MP: 37/37
 51533 | Vaults:2 | Found a staircase to the Crypt.
 52702 | Vaults:3 | Found Anamyleb's Gadget Shoppe.
 53449 | Vaults:3 | Found a shimmering altar of Xom.
 54562 | Vaults:4 | Found Sucw's Antique Weapon Emporium.
 55174 | Vaults:4 | Reached XP level 25. HP: 210/210 MP: 37/37
 56102 | Depths:1 | Entered Level 1 of the Depths
 56102 | Depths:1 | Found a gateway to a ziggurat.
 56171 | Depths:1 | Found Cutuer's Blood Bar.
 56445 | Depths:1 | Found a one-way gate leading to the halls of Pandemonium.
 58663 | Depths:2 | Noticed a juggernaut
 58678 | Depths:2 | Killed a juggernaut
 58843 | Depths:3 | Noticed a caustic shrike
 58869 | Depths:3 | Killed a caustic shrike
 59257 | Abyss:1  | Reached XP level 26. HP: 172/176 MP: 37/37
 59412 | Depths:3 | Escaped the Abyss
 59982 | Abyss:1  | Killed Erolcha
 60022 | Abyss:1  | Reached skill level 21 in Fighting
 60228 | Depths:3 | Escaped the Abyss
 60230 | Depths:3 | Corrupted Depths:3
 60231 | Depths:3 | HP: 8/222 [spark wasp (15)]
 60231 | Depths:3 | Killed from afar by a deep elf high priest

Levels and vault maps discovered:
D:1:      lightli_arrival_windingriver, layout_loops_ring,
          okawaru_ov_weapons_minmay
D:2:      layout_loops_ring, nicolae_overflow_hidden_temple,
          nicolae_overflow_crystal_walls, elyvilon_altar_4
D:3:      minmay_chambers_of_threes, layout_loops_cross, uniq_robin
D:4:      layout_cave_pools, serial_bayou_crossing
D:5:      layout_layer_cave, basic_altar, first_ration
D:6:      kennysheep_windowed_halls, layout_rooms, nicolae_ru_awakened_eye,
          minmay_temple_entry_offerings
D:7:      layout_rooms, old_standard_altar, the_bakery, minmay_misc_feat_cross,
          minmay_fountain_box
D:8:      layout_rooms, kennysheep_mini, minitemple, nrook_pool_corridor,
          grunt_decor_cap, uniq_erica
D:9:      cheibrodos_statue_roulette, layout_long_grid,
          grunt_temple_overflow_lords_of_destruction, minivault_15,
          grunt_dithmenos_smoke_and_mirrors
D:10:     minmay_the_grid_triangle_9x9_recursive_2_mashed
          [minmay_the_grid_triangle_9x9_prize_center,
          minmay_the_grid_triangle_9x9_wacky_v,
          minmay_the_grid_triangle_9x9_cache,
          minmay_the_grid_triangle_9x9_checkered], layout_basic, orc_0_dummy,
          eino_house_with_fridge, uniq_psyche
D:11:     layout_roguey, due_lair_maze_entry_diamond, basic_altar,
          nicolae_ashenzari_panopticon, uniq_nergalle
D:12:     layout_layer_cave, serial_shops, shop, small_statue_alley_a
D:13:     layout_irregular_city, uniq_sonja, uniq_erolcha
D:14:     layout_irregular_city, erik_vaults_2, serial_shops,
          nicolae_shop_trees, portal_ice_cave_rime, serial_column_ruins,
          column_ruins_hut_ruined, column_ruins_temple_circle,
          column_ruins_grid_1, column_ruins_columns_corner,
          column_ruins_columns_dead_end, serial_park_square3
          [serial_park_minivault_5x5_7], uniq_kirke
D:15:     grunt_enter_depths_hoard, layout_long_grid, special_room
          [special_room_bee], nicolae_qazlal_eye_of_the_storm, uniq_azrael
Lair:1:   layout_gridlike, st_stairs_10, serial_bayou_shore_a,
          infiniplex_staircase_pool, uniq_gastronok
Lair:2:   layout_misc_corridors, minmay_shoals_entry_lonely_mermaid,
          minmay_snake_entry_guardpost_small, gammafunk_ghost_berserking_beasts
Lair:3:   layout_regular_city
Lair:4:   layout_cave_pods, lemuel_fruit_fields
Lair:5:   gammafunk_lair_enchanted_lake, layout_hall_layers, slime_altar_1,
          grunt_forest_large_clearings
Lair:6:   evil_forest, layout_gridlike, serial_bayou_pond_e, grunt_megastairs_4,
          serial_bayou_shore_b, lemuel_fruit_tree
Shoals:1: layout_shoals
Shoals:2: layout_shoals, nicolae_shoals_cliffside_cave, uniq_jorgrun,
          uniq_louise, uniq_ilsuiw, uniq_frances
Shoals:3: layout_shoals
Shoals:4: shoals_end_simple, layout_shoals
Snake:1:  layout_basic, gammafunk_ghost_necromancy, minmay_shop_grove,
          uniq_asterion
Snake:2:  layout_cave_shapes, serial_shops, nicolae_shop_waterfront,
          nicolae_shop_waterfront, shop, grunt_ministairs_13
Snake:3:  layout_honeycomb, nrook_guardian_serpent_ordinary, uniq_vashnia,
          uniq_mara
Snake:4:  johnstein_snake_rune_scales, layout_onion_interference, serial_shops,
          shop, minmay_shop_star
Orc:1:    layout_caves, basic_altar, enter_volcano_1, serial_shops, shop,
          uniq_urug
Orc:2:    st_orc_mages, layout_diamond_mine, serial_shops, shop, basic_altar,
          uniq_maurice
Elf:1:    elf_arrival_002, layout_rooms, minmay_elf_crystal_hexagon,
          nrook_loot_triangle
Elf:2:    layout_gridlike, nicolae_elf_glass_and_crystal_pillar_1,
          serial_sigils_hangedman_clutch
Elf:3:    grunt_elf_hall_asides, layout_geoelf_grid, serial_corexii_hall,
          corexii_hall_statues_t, chequers_hall_statues_corner_a
Vaults:1: vaults_room_grunt_arrival_ludios, nicolae_vaults_angled_halls,
          v_alt_pattern_5, hangedman_vaults_trim, hangedman_vaults_hat,
          hangedman_vaults_stitches, v_misc_29, nicolae_vaults_gold_heap,
          st_squares, v_alt_pattern_1, nicolae_vaults_little_squares_4,
          grunt_vaults_hallway_long, v_misc_16, ontoclasm_vaults_fault,
          layout_vaults_maze
Vaults:2: vaults_room_semicircle, vaults_mumra_lcd, vaults_mumra_chevron_long,
          v_misc_23, nicolae_vaults_stairing_the_circle, v_misc_27,
          minmay_crypt_entry_simple_plaza, v_rooms_5, hangedman_vaults_stream,
          vaults_room_corners, nicolae_vaults_ring_of_whatevers,
          hangedman_vaults_river_flow, nicolae_vaults_rhombus_5,
          layout_vaults_omnicross
Vaults:3: v_alt_pattern_6, v_misc_11, nicolae_vaults_asterisk,
          nicolae_vaults_ninety_degrees, v_misc_11, v_rooms_3,
          ontoclasm_vaults_gateway, v_misc_2, vaults_room_pools,
          layout_vaults_ring, serial_shops, shop, basic_altar
Vaults:4: vaults_room_stairs_pillars, vaults_mumra_chevron,
          nicolae_vaults_big_ls, nicolae_vaults_network_star,
          nicolae_vaults_c_with_doors, grunt_vaults_focal, vaults_mumra_hexcomb,
          layout_vaults_omnigrid, serial_shops, nicolae_shop_window_shopping
Depths:1: layout_honeycomb, enter_ziggurat_f, hell_entry,
          grunt_pan_entry_spiral, serial_sigils_hangedman_snap,
          hangedman_decor_opposing, guppyfry_shop_blood
Depths:2: minmay_inside_and_out, layout_honeycomb, hell_entry,
          minmay_stone_trees_small, serial_bayou_shore_b,
          infiniplex_staircase_zigzag_4
Depths:3: hangedman_pleasuredromes, pan_entry, serial_shops, hell_entry

Skill      XL: |  1  2  3  4  5  6  7  8  9 10 11 12 13 14 15 16 17 18 19 20 21 22 23 24 25 26 |
---------------+-------------------------------------------------------------------------------+-----
Fighting       | 4 5 6 7 8 9 10 11 12 14 15 16 17 18 20 21 | 21.0
Invocations    | 3 4 5 6 7 8 10 11 13 14 15 16 17 19 20 | 20.0
Armour         | 3 4 5 9 10 11 12 14 15 16 | 16.5
Polearms       | 3 5 7 9 11 12 14 17 20 | 20.0
Evocations     | 1 4 5 7 10 12 | 12.6
Shields        | 2 5 7 9 11 15 | 15.0
Dodging        | 3 6 7 9 10 11 | 11.8

Action                   |  1- 3 |  4- 6 |  7- 9 | 10-12 | 13-15 | 16-18 | 19-21 | 22-24 | 25-27 || total
-------------------------+-------+-------+-------+-------+-------+-------+-------+-------+-------++-------
Melee: Spear             |   135 |   348 |     7 |       |       |       |       |       |       ||   490
       Trident           |       |       |   232 |   740 |   973 |   537 |  2396 |  1460 |       ||  6338
       Demon trident     |       |       |       |       |       |       |       |   943 |   801 ||  1744
Invok: Depart the Abyss  |     1 |       |       |       |       |       |     1 |     1 |     1 ||     4
       Banish            |       |       |     1 |     8 |     2 |     2 |     1 |     1 |       ||    15
       Enter the Abyss   |       |       |       |       |       |       |     1 |     1 |     2 ||     4
       Corrupt           |       |       |       |       |       |       |       |     1 |     1 ||     2
       Bend Space        |       |       |       |       |       |       |       |       |     1 ||     1
 Abil: Dig               |       |       |       |       |     7 |     3 |    22 |    16 |     9 ||    57
Evoke: Wand              |       |       |     1 |     6 |     3 |       |     5 |       |       ||    15
       Phial of floods   |       |       |       |     1 |     1 |       |       |     1 |       ||     3
       Lamp of fire      |       |       |       |       |       |     1 |     6 |     5 |     1 ||    13
       Sack of spiders   |       |       |       |       |       |       |       |     1 |       ||     1
  Use: Scroll            |       |    13 |     3 |    13 |     7 |     3 |    13 |    12 |     4 ||    68
       Potion            |       |       |       |     5 |     1 |     2 |     4 |     3 |     4 ||    19
 Stab: Invisible         |       |       |       |     5 |       |       |       |       |       ||     5
       Distracted        |       |       |       |     1 |       |       |     1 |     2 |     1 ||     5
       Confused          |       |       |       |       |       |     1 |     1 |       |       ||     2
  Eat: Chunk             |     1 |    10 |     7 |    21 |    23 |    10 |    23 |    42 |     8 ||   145
       Ration            |       |       |       |     2 |     3 |     1 |     9 |     2 |     3 ||    20
Armor: Leather armour    |    20 |       |       |       |       |       |       |       |       ||    20
       Plate armour      |    35 |   193 |   128 |   244 |    67 |       |       |       |       ||   667
       Skin              |       |       |       |    11 |       |       |       |       |       ||    11
       Chain mail        |       |       |       |       |   169 |   107 |   345 |   339 |   127 ||  1087
Dodge: Dodged            |    53 |    97 |    62 |   181 |   172 |   102 |   265 |   289 |   133 ||  1354
Block: Shield            |       |       |       |    59 |   257 |    85 |       |       |       ||   401
       Large shield      |       |       |       |       |       |    90 |  1808 |  1827 |   663 ||  4388
       Reflection        |       |       |       |       |       |       |   224 |   159 |    45 ||   428
